Map: Blueshift LE

Players

Stats - Winner!

  • Race: Protoss Protoss
  • Spawn Location: 1:00

sOs

  • Race: Protoss Protoss
  • Spawn Location: 7:00

Event: 2018 WCS Global Finals

VOD

Have the link to the VOD?

Description

Time

  • Played on: Nov. 3, 2018, 4:16 p.m.
  • Length: 7:44

All games in this series

Show
View Real Time Build Order
Export as new Build Order

Stats Protoss - Winner!

Build Orders:  

Get SALT Encoding   

  12  0:00  Probe  
  13  0:12  Probe  
  14  0:17  Pylon  
  14  0:24  Probe  
  15  0:32  Probe  
  15  0:36  Gateway  
  15  0:40  Probe  
  16  0:46  Assimilator  
  17  0:51  Probe  
  17  0:54  Assimilator  
  18  0:59  Probe  
  19  1:07  Probe  
  19  1:08  Gateway  
  19  1:17  Probe  
  20  1:24  Cybernetics Core  
  21  1:29  Probe  
  22  1:39  Pylon  
  22  1:41  Probe  
  23  1:52  Warp Gate  
  23  1:57  Probe  
  26  2:01  Adept x2  
  28  2:14  Pylon  
  28  2:28  Adept  
  30  2:32  Adept  
  31  2:53  Nexus  
  31  2:55  Adept  
  33  2:59  Adept  
  35  3:09  Pylon  
  35  3:13  Shield Battery  
  35  3:20  Shield Battery  
  35  3:30  Robotics Facility  
  35  3:38  Probe  
  36  3:50  Probe  
  37  3:56  Stalker, Sentry  
  37  3:58  Pylon  
  41  4:03  Probe  
  41  4:04  Immortal  
  41  4:08  Probe  
  47  4:24  Stalker, Sentry  
  51  4:35  Immortal  
  55  4:50  Shield Battery  
  54  5:05  Warp Prism  
  52  5:13  Sentry x2  
  56  5:17  Probe  
  56  5:18  Probe  
  60  5:23  Pylon  
  60  5:33  Immortal  
  60  5:36  Stalker x2  
  62  6:01  Immortal  
  62  6:03  Probe  
  62  6:04  Probe  
  60  6:14  Stalker  
  66  6:23  Stalker  
  53  6:33  Immortal  
  42  6:41  Stalker  
  44  6:51  Stalker  
  42  7:09  Stalker  
  48  7:24  Stalker  
Show
View Real Time Build Order
Export as new Build Order

sOs Protoss 

Build Orders:  

Get SALT Encoding   

  12  0:00  Probe  
  13  0:12  Probe  
  14  0:17  Pylon  
  14  0:24  Probe  
  15  0:32  Probe  
  15  0:37  Gateway  
  15  0:40  Probe  
  16  0:47  Assimilator  
  17  0:51  Probe  
  17  0:56  Assimilator  
  18  1:01  Probe  
  19  1:08  Gateway  
  19  1:09  Probe  
  19  1:17  Probe  
  21  1:25  Cybernetics Core  
  21  1:29  Probe  
  22  1:35  Pylon  
  22  1:41  Probe  
  23  1:53  Warp Gate, Probe  
  24  2:02  Adept x2  
  24  2:07  Pylon  
  28  2:29  Stalker x2  
  32  2:43  Robotics Facility  
  31  2:48  Gateway  
  31  2:59  Stalker  
  31  3:00  Stalker  
  35  3:20  Warp Prism  
  33  3:30  Robotics Bay  
  35  3:37  Pylon  
  35  4:03  Adept  
  35  4:09  Disruptor  
  37  4:10  Adept x2  
  37  4:15  Pylon  
  44  4:26  Stalker  
  46  4:33  Adept  
  46  4:34  Adept  
  46  4:38  Pylon  
  50  4:48  Disruptor  
  51  5:07  Adept x2  
  51  5:08  Zealot  
  57  5:16  Pylon  
  57  5:37  Stalker x3  
  63  5:47  Pylon  
  59  6:02  Adept x3  
  62  6:28  Adept x3  
  62  6:29  Probe  
  43  6:41  Probe  
  36  6:57  Probe  
  37  7:05  Probe  
  38  7:23  Stalker  
Tags
 
Add a new tag
Caveats
  • Supply blocks, unpowered buildings, or Contaminate may cause inaccurate times.
  • Supply counts are checked every 10 seconds.